 Dungeon Crawl Stone Soup version 0.17-a0-1635-gd4e48f1 (webtiles) character file.

23 ololoev the Gusty (level 2, -7/20 HPs)
             Began as a Draconian Air Elementalist on Aug 4, 2015.
             Killed from afar by Terence (8 damage)
             ... with a wand of flame
             ... on level 2 of the Dungeon.
             The game lasted 00:04:55 (1100 turns).

ololoev the Gusty (Draconian Air Elementalist)      Turns: 1100, Time: 00:04:55

Health: -7/20      AC:  5    Str: 10    XL:     2   Next: 75%
Magic:  0/5        EV: 12    Int: 15    God:
Gold:   95         SH:  0    Dex: 15    Spells: 2 memorised, 2 levels left

rFire  . . .     SeeInvis .     f - -2 dagger (curse)
rCold  . . .     Clarity  .     (armour unavailable)
rNeg   . . .     SustAt   .     (no shield)
rPois  .         Gourm    .     (helmet restricted)
rElec  .         Spirit   .     m - +0 cloak
rCorr  .         Warding  .     (no gloves)
rMut   .         Stasis   .     (no boots)
MR     .....                    (no amulet)
Stlth  ++........               (no ring)
                                l - +4 ring of dexterity

@: very slightly contaminated, not resistant to hostile enchantments, unstealthy
A: unfitting armour, cold-blooded, AC +4
a: no special abilities


Innate Abilities, Weirdness & Mutations

Your plain brown scales are hard (AC +4).
Your body does not fit into most forms of armour.
You are cold-blooded and may be slowed by cold attacks.

Inventory:

Hand weapons
 c - a cursed +0 dagger
 f - a cursed -2 dagger (weapon)
Armour
 m - a +0 cloak (worn)
Jewellery
 l - a +4 ring of dexterity (left hand)
Scrolls
 d - a scroll of teleportation {unknown}
 h - 2 scrolls of identify {unknown}
 i - a scroll of magic mapping {unknown}
 j - a scroll of amnesia {unknown}
 k - a scroll of enchant armour {unknown}
Potions
 e - a potion of cancellation {unknown}
 o - 3 potions of degeneration {unknown}
 p - a potion of might {unknown}
Books
 a - a book of Air

   Spells                             Type                      Level
   a - Shock                          Conjuration/Air              1
   b - Swiftness                      Charms/Air                   2
   c - Repel Missiles                 Charms/Air                   2
   d - Static Discharge               Conjuration/Air              3
   e - Lightning Bolt                 Conjuration/Air              5
Comestibles
 b - 3 bread rations
 g - 2 meat rations
 n - 5 fruits


   Skills:
 - Level 1.7 Dodging
 - Level 1.7 Stealth
 + Level 2.2 Spellcasting
 * Level 1.8 Conjurations
 + Level 3.5 Air Magic


You had 2 spell levels left.
You knew the following spells:

 Your Spells              Type           Power        Failure   Level  Hunger
a - Shock                 Conj/Air       #...         10%         1    #......
b - Repel Missiles        Chrm/Air       #.....       17%         2    ###....


You were on level 2 of the Dungeon.
You were not hungry.

You visited 1 branch of the dungeon, and saw 2 of its levels.

You collected 95 gold pieces.

## ## ... . ... #.### ##.
... ###.#.. #..##.#
#.....# .. ##.#...
##.....# # #.
....#######......# .. ..
#..##............# #. .
#@# #.####.......# #..#.
####.###.###..#.....#
....##..@.##..##..##......
#..#.##....###.###.....#
#...##.#### #.# #...###
#.####.# ###.###..##.# ...
..# #...##..##.g# ..##.
#### #.####.###.## ... #.
#.##...#≈.##⌠

Notes
Turn   | Place    | Note
--------------------------------------------------------------
     0 | D:1      | ololoev the Draconian Air Elementalist began the quest for the Orb.
     0 | D:1      | Reached XP level 1. HP: 14/14 MP: 3/3
   190 | D:1      | Reached XP level 2. HP: 20/20 MP: 3/5
   206 | D:1      | Learned a level 2 spell: Repel Missiles
  1021 | D:2      | Found a shimmering altar of Xom.
  1083 | D:2      | Noticed Terence
  1099 | D:2      | HP: 1/20 [Terence/mace (2)]
  1100 | D:2      | Killed from afar by Terence

Dungeon Overview and Level Annotations

Branches:
Dungeon (2/15)

Altars:
Xom

Annotations:
D:2 Terence


Message History

Aiming: Shock
Press: ? - help, Shift-Dir - straight line The zap hits Terence.
Terence is lightly wounded.
The zap hits Terence.
Terence is moderately wounded.
Casting: Shock
Confirm with . or Enter, or press ? or * to list all spells.
Aiming: Shock
Press: ? - help, Shift-Dir - straight line The zap hits Terence.
Terence is moderately wounded.
The zap misses Terence.
Casting: Shock
Confirm with . or Enter, or press ? or * to list all spells.
Aiming: Shock
Press: ? - help, Shift-Dir - straight line You miscast Shock.
You are very lightly contaminated with residual magic.
The wind howls around you! Terence closely misses you.
Casting: Shock
Confirm with . or Enter, or press ? or * to list all spells.
Aiming: Shock
Press: ? - help, Shift-Dir - straight line The zap hits Terence.
Terence is heavily wounded.
The zap hits Terence.
Terence is heavily wounded.
Terence hits you with a mace.
Casting: Shock
Confirm with . or Enter, or press ? or * to list all spells.
Aiming: Shock
Press: ? - help, Shift-Dir - straight line The zap hits Terence.
Terence is severely wounded.
The zap hits Terence.
Terence is almost dead.
Terence hits you with a mace.
Terence zaps a wand.
The puff of flame hits you!
You die...

You could see Terence.

Vanquished Creatures
  2 giant geckos (D:1)
  2 bats (D:1)
  A giant cockroach (D:2)
  4 goblins (D:1)
  3 hobgoblins (D:1)
  2 kobolds (D:1)
  3 giant newts
  4 rats (D:1)
21 creatures vanquished.

Action                   || total
-------------------------++-------
Melee: Dagger            ||     2
 Cast: Shock             ||    34
       Repel Missiles    ||     1
  Eat: Chunk             ||     1

Vault maps used:
D:1:      scummos_arrival_forest, serial_bayou_ford_a
D:2:      elyvilon_altar_3, tgw_xom, bloody_makhleb, first_bread, uniq_terence
